 Dungeon Crawl Stone Soup version 0.31-a0-321-g19405a7a6a (webtiles) character file.

Game seed: 4805818520870802705

1274 Shard1697 the Caller (level 8, -3/57 HPs)
             Began as a Red Draconian Ice Elementalist on July 17, 2023.
             Was a Follower of Kikubaaqudgha.
             Slain by a manticore (13 damage)
             ... on level 6 of the Dungeon.
             The game lasted 00:09:04 (5295 turns).

Shard1697 the Caller (DrIE)                         Turns: 5295, Time: 00:09:05

Health: -3/57      AC:  9    Str: 10    XL:     8   Next: 28%
Magic:  23/23      EV: 12    Int: 19    God:    Kikubaaqudgha [*.....]
Gold:   193        SH:  0    Dex: 11    Spells: 4/15 levels left

rFire   + . .        r - +11 dagger "Fimeren" {freeze, Fly}
rCold   . . .        (no shield)
rNeg    . . .        (body armour unavailable)
rPois   +            (helmet restricted)
rElec   .            p - scarf {+Inv}
rCorr   .            (no gloves)
SInv    .            t - +2 pair of boots
Will    .....        z - amulet of regeneration
Stlth   ++           c - ring of magical power
HPRegen 1.09/turn    g - ring of poison resistance
MPRegen 0.18/turn

%: no passive effects
@: short of breath, spiked, flying
A: breathe fire, AC +6, unfitting armour, fire resistance 1, cold-blooded
a: Breathe Fire, Renounce Religion, Evoke Invisibility, Unearth Wretches


You were on level 6 of the Dungeon.
You worshipped Kikubaaqudgha.
Kikubaaqudgha was aware of your devotion.
You visited 1 branch of the dungeon, and saw 6 of its levels.
You also visited: Sewer.

You collected 391 gold pieces.
You spent 198 gold pieces at shops.

Inventory:

Hand Weapons
 k - a +2 dire flail of protection
 r - the +11 dagger "Fimeren" (weapon) {freeze, Fly}
   (You found it on level 5 of the Dungeon)

   Fly:       It grants you flight.
Armour
 p - a scarf of invisibility (worn)
 t - a +2 pair of boots (worn)
 y - a +0 buckler
Jewellery
 c - a ring of magical power (left hand)
 d - a ring of positive energy
 g - a ring of poison resistance (right hand)
 m - an amulet of magic regeneration
 z - an amulet of regeneration (around neck)
 B - a ring of resist corrosion
 G - a ring of flight
Wands
 u - a wand of digging (7)
 x - a wand of flame (16)
 D - a wand of charming (15)
Scrolls
 b - 4 scrolls of teleportation
 f - 2 scrolls of enchant armour
 i - a scroll of revelation
 j - a scroll of fog
 l - a scroll of poison
 v - 2 scrolls of torment
 F - a scroll of blinking {unknown}
Potions
 a - 2 potions of magic
 e - 6 potions of curing
 h - a potion of haste {unknown}
 n - a potion of mutation
 o - a potion of invisibility
 q - a potion of brilliance
 s - 5 potions of enlightenment
 w - a potion of cancellation {unknown}
 A - a potion of berserk rage
 C - a potion of ambrosia
 E - 2 potions of lignification {unknown}
 H - a potion of heal wounds {unknown}


   Skills:
 - Level 1.7 Dodging
 - Level 1.7 Stealth
 - Level 4.4 Spellcasting
 + Level 6.8 Summonings
 + Level 5.7 Ice Magic


You had 4 spell levels left.
You knew the following spells:

 Your Spells              Type           Power      Damage    Failure   Level
a - Freeze                Ice            100%       1d10      1%          1
b - Frozen Ramparts       Ice            52%        1d8       3%          3
c - Ozocubu's Armour      Ice            26%        N/A       3%          3
t - Summon Ice Beast      Ice/Summ       28%        N/A       10%         4

Your spell library contained the following spells:

 Spells                   Type           Power      Damage    Failure   Level
 Kiss of Death            Conj/Necr      16%        2d6       13%         1
 Necrotise                Necr           16%        1d4       13%         1
 Slow                     Hex            16%        N/A       13%         1
 Cigotuvi's Dreadful Rot  Necr/Pois/Air  8%         N/A       21%         2
 Lesser Beckoning         Tloc           8%         N/A       21%         2
 Confusing Touch          Hex            4%         N/A       36%         3
 Gell's Gravitas          Tloc           4%         N/A       36%         3
 Teleport Other           Tloc           4%         N/A       36%         3
 Vampiric Draining        Necr           4%         2d6       36%         3
 Animate Dead             Necr           4%         N/A       78%         4


Dungeon Overview and Level Annotations

Branches:
Dungeon (6/15)             Temple (0/1) D:5           Sewer (visited)

Altars:
Kikubaaqudgha
Makhleb
Okawaru
The Shining One

Shops:
D:4 ?   D:5 [

Annotations:
D:1 2 transporters
D:4 3 runed translucent doors, HallandMoats's ghost, amateur DsFi; LustLizard's ghost, amateur OpSh; Sabo's ghost, amateur FoMo


Innate Abilities, Weirdness & Mutations

You can breathe blasts of fire.
Your fiery red scales are hard. (AC +6)
You cannot fit into any form of body armour.
Your flesh is heat resistant. (rF+)
You are cold-blooded and may be slowed by cold attacks.


Message History

The ice beast hits your ice beast but does no damage.
Your ice beast hits the ice beast but does no damage.
The ice beast hits your ice beast but does no damage.
Your ice beast hits the ice beast but does no damage.
The ice beast hits your ice beast. The ice beast freezes your ice beast.
Your ice beast completely resists.
Your ice beast closely misses the ice beast.
You swap places.
The ice beast completely misses you.
You puncture the ice beast!
You kill the ice beast!
Kikubaaqudgha accepts your kill.
The manticore flicks its tail.
The volley of spikes hits you!
The barbed spikes become lodged in your body.
The barbs in your skin will harm you if you move.
Continue?
The barbed spikes dig painfully into your body as you move.
The manticore bites you!! The manticore claws you.
* * * LOW HITPOINT WARNING * * *
The manticore claws you but does no damage.
Aiming: Breathe Fire (4% risk of failure)
Press: ? - help, Shift-Dir - straight line, f - manticore
Aim: a manticore (ally target, 81% to hit)
You breathe a blast of fire.
The fiery breath hits the manticore.
The manticore is lightly wounded.
The manticore is engulfed in blazing flames.
The manticore bites you but does no damage.
The manticore misses you. The manticore barely misses you.
You barely miss the manticore.
You tail-slap the manticore, but do no damage.
The manticore is moderately wounded.
The manticore is engulfed in blazing flames.
The manticore barely misses you. The manticore closely misses you.
The manticore claws you!
* * * LOW HITPOINT WARNING * * *
You closely miss the manticore.
Your tail-slap misses the manticore.
The manticore is severely wounded.
The manticore is engulfed in blazing flames.
The manticore bites you!
You die...
Kikubaaqudgha rasps: "You have failed me!
Welcome... death!"

#.#............#
###.#.##########.#
.(..#.# #.#
......# #.#
......###### #.#
.....#....... #.#
.....+.......+ #.#
.....#.......# #Y#
.....#.......# #@#
.............# #H#
.............# #.#
.............# #.#
. ....#........#
#.####...#
=...#........#
#.........
....#.########
##.....)## ....#.#
#.#.....#
....#'######
.........


You could see a manticore (ally target) and a friendly ice beast (summoned).

Vanquished Creatures
  Menkaure (D:4)
  Edmund (D:4)
  A water moccasin (D:6)
  An ogre (D:6)
  An ice beast (D:6)
  2 bullfrogs (D:6)
  A howler monkey (D:6)
  3 hounds
  2 orc priests (D:4)
  3 iguanas (D:5)
  2 orc wizards (D:5)
  3 gnolls (D:5)
  2 river rats (Sewer)
  11 adders
  A shadow imp (D:5)
  An ufetubus (D:5)
  6 worms
  A dart slug (D:1)
  20 orcs
  14 ball pythons
  15 bats
  4 endoplasms
  8 giant cockroaches
  4 goblins
  5 hobgoblins
  8 jackals
  5 quokkas
  6 frilled lizards
  5 kobolds
  5 rats
142 creatures vanquished.

Notes
Turn   | Place    | Note
-------+----------+-------------------------------------------
     0 | D:1      | Shard1697 the Draconian Ice Elementalist began the quest
                  | for the Orb.
     0 | D:1      | Reached XP level 1. HP: 14/14 MP: 3/3
   263 | D:1      | Reached XP level 2. HP: 14/20 MP: 5/5
   457 | D:1      | Found a faded altar of an unknown god.
   532 | D:1      | Got Plato's Precepts of the Sphinx
   901 | D:1      | Reached XP level 3. HP: 26/26 MP: 7/7
   907 | D:1      | Learned a level 3 spell: Frozen Ramparts
   911 | D:1      | Learned a level 3 spell: Ozocubu's Armour
  1081 | D:2      | Identified the +0 quarterstaff of Duty {freeze, Fly rN+
                  | Str-4}
  2058 | D:3      | Reached XP level 4. HP: 33/33 MP: 8/8
  2086 | D:3      | Found a glowing drain.
  2090 | D:3      | Reached skill level 5 in Ice Magic
  2097 | Sewer    | Entered a sewer
  2400 | Sewer    | Reached XP level 5. HP: 14/38 MP: 10/10
  2512 | Sewer    | Learned a level 4 spell: Summon Ice Beast
  2732 | Sewer    | Reached skill level 1 in Summonings
  2922 | D:3      | Found a glowing golden altar of the Shining One.
  3209 | D:4      | Found an ancient bone altar of Kikubaaqudgha.
  3217 | D:4      | Became a worshipper of Kikubaaqudgha
  3230 | D:4      | Found Buid's Magic Scroll Shoppe.
  3233 | D:4      | Bought a scroll of identify for 24 gold pieces
  3240 | D:4      | Bought a scroll of enchant armour for 90 gold pieces
  3240 | D:4      | Bought a scroll of teleportation for 36 gold pieces
  3240 | D:4      | Bought a scroll of fog for 48 gold pieces
  3262 | D:4      | Noticed Edmund
  3287 | D:4      | Killed Edmund
  3288 | D:4      | Reached skill level 2 in Summonings
  3288 | D:4      | Reached XP level 6. HP: 36/45 MP: 7/12
  3388 | D:4      | Noticed Menkaure
  3398 | D:4      | Killed Menkaure
  3399 | D:4      | Reached skill level 3 in Summonings
  3890 | D:4      | Reached skill level 4 in Summonings
  4257 | D:4      | Found a runed translucent gate.
  4257 | D:4      | Found a runed translucent gate.
  4257 | D:4      | Found a runed translucent gate.
  4258 | D:4      | Noticed Sabo's ghost (amateur FoMo)
  4258 | D:4      | Noticed LustLizard's ghost (amateur OpSh)
  4258 | D:4      | Noticed HallandMoats's ghost (amateur DsFi)
  4324 | D:5      | Entered Level 5 of the Dungeon
  4341 | D:5      | Found Nemiufu's Antique Armour Emporium.
  4353 | D:5      | Identified the +11 dagger "Fimeren" {freeze, Fly}
  4389 | D:5      | Found a staircase to the Ecumenical Temple.
  4403 | D:5      | Found an iron altar of Okawaru.
  4407 | D:5      | Your scales start taking on a fiery red colour.
  4407 | D:5      | Reached XP level 7. HP: 50/50 MP: 13/13
  4407 | D:5      | Gained mutation: Your flesh is heat resistant. (rF+) [Red
                  | Draconian growth]
  4427 | D:5      | Reached skill level 5 in Summonings
  4541 | D:5      | Reached * piety under Kikubaaqudgha
  4541 | D:5      | Received a gift from Kikubaaqudgha
  4691 | D:5      | Found a burning altar of Makhleb.
  4900 | D:6      | Reached skill level 6 in Summonings
  4900 | D:6      | Reached skill level 5 in Ice Magic
  4985 | D:6      | Reached XP level 8. HP: 49/57 MP: 14/14
  5249 | D:6      | Noticed a manticore
  5295 | D:6      | Slain by a manticore

Illustrated notes

Levels and vault maps discovered:
D:1:      spicycebolla_arrival_transporter_tutorial, layout_basic,
          shapermc_ecumenical_altar_rom_forum
D:2:      layout_loops_ring
D:3:      layout_basic, tso_oasis_becter, lightli_sewer_entry_pipes,
          chequers_avenue, dreamdust_princess_corridor
D:4:      layout_basic, kiku_gazebo_pond_becter, gammafunk_ghost_cemetery,
          serial_shops, nicolae_shop_behind_doors, minmay_misc_feat_rows,
          uniq_menkaure, uniq_edmund
D:5:      layout_rooms, mainiacjoe_overflow_chevrons, okawaru_trees_1,
          minmay_temple_entry_statues, serial_shops, nicolae_square_shop,
          grunt_ministairs_3
D:6:      layout_basic, nicolae_overflow_hidden_temple,
          chequers_temple_overflow_statue_of_worship, minmay_manual_mail

Skill      XL: |  1  2  3  4  5  6  7 |
---------------+----------------------+-----
Spellcasting   | 3 4 |  4.4
Ice Magic      | 5 4 5 |  5.7
Summonings     | 2 4 6 |  6.8
Dodging        | |  1.7
Stealth        | |  1.7

Action                     |  1- 3 |  4- 6 |  7- 9 || total
---------------------------+-------+-------+-------++-------
  Melee: Unarmed           |    56 |       |       ||    56
         Tailslap          |    22 |    11 |     8 ||    41
         Punch             |     1 |       |     1 ||     2
         Club              |    27 |       |       ||    27
         Quarterstaff      |    57 |    86 |       ||   143
         Dire flail        |       |    17 |       ||    17
         Dagger            |       |     1 |    80 ||    81
   Cast: Freeze            |    17 |    19 |       ||    36
         Frozen Ramparts   |     1 |     7 |     1 ||     9
         Ozocubu's Armour  |       |     1 |       ||     1
         Summon Ice Beast  |       |       |     1 ||     1
Ability: Breathe Fire      |       |       |     2 ||     2
    Use: Scroll            |       |    10 |     2 ||    12
         Potion            |       |     1 |       ||     1
   Stab: Sleeping          |     6 |     5 |     1 ||    12
 Armour: Skin              |    58 |    54 |    28 ||   140
  Dodge: Dodged            |   137 |    84 |    42 ||   263

Table legend: (Time is in decaauts)
 A = Elapsed time spent in this place.
 B = Non-inter-level travel time spent in this place.
 C = Inter-level travel time spent in this place.
 D = Time resting spent in this place.
 E = Time spent auto-exploring this place.
 F = Levels seen in this place.
 G = Mean time per level.
                   A        B        C        D        E       F      G
               +--------+--------+--------+--------+--------+-----+--------+
         Total |   5364 |   5232 |    132 |    415 |   3671 |   7 |  766.3 |
       Dungeon |   4626 |   4494 |    132 |    237 |   3316 |   6 |  771.0 |
         Sewer |    738 |    738 |      0 |    178 |    355 |   1 |  738.0 |
               +--------+--------+--------+--------+--------+-----+--------+

Top non-repeatable levels by time:
     D:4: 1108 daAuts
     D:1: 1076 daAuts
     D:3: 768 daAuts
   Sewer: 738 daAuts
     D:2: 702 daAuts
     D:6: 508 daAuts
     D:5: 462 daAuts
